 Dungeon Crawl Stone Soup version 0.30-a0-620-g0e44632947 (webtiles) character file.

Game seed: 11781666745392035235

1254 Malachi the Covert (level 8, -3/39 HPs)
             Began as a Felid Monk on Jan 10, 2023.
             Killed by divine providence
             ... invoked by an orc priest
              (13 damage)
             ... on level 5 of the Dungeon.
             The game lasted 00:07:42 (4320 turns).

Malachi the Covert (Felid Monk)                     Turns: 4320, Time: 00:07:43

Health: -3/39      AC:  2    Str:  7    XL:     8   Next: 26%
Magic:  9/9        EV: 24    Int: 12    God:
Gold:   267        SH:  0    Dex: 20    Spells: 7/7 levels left
                                        Lives:  0   Deaths: 2

rFire   + . .      SeeInvis +      - Unarmed
rCold   . . .      Faith    .    (shield unavailable)
rNeg    . . .      Spirit   .    (body armour unavailable)
rPois   .          Reflect  .    (helmet unavailable)
rElec   .          Harm     .    (cloak unavailable)
rCorr   +          Rampage  .    (gloves unavailable)
Will    +....                    (boots unavailable)
Stlth   ++++                     o - amulet of regeneration
HPRegen 1.06/turn                c - ring of resist corrosion
MPRegen 0.11/turn                e - ring of protection from fire

@: quick
A: very small, claws 1, fangs 3, see invisible, speed 1, shaggy fur 2, stealthy
paws, no weapons or thrown items, no armour, multi-lived
a: no special abilities


You were on level 5 of the Dungeon.
You visited 2 branches of the dungeon, and saw 7 of its levels.

You collected 267 gold pieces.

Inventory:

Jewellery
 c - a ring of resist corrosion (left paw)
 d - a ring of magical power
 e - a ring of protection from fire (right paw)
 o - an amulet of regeneration (around neck)
Wands
 p - a wand of paralysis (6)
Scrolls
 g - 2 scrolls of blinking
 h - 2 scrolls of vulnerability
 m - 2 scrolls of teleportation
 r - a scroll of amnesia
 u - a scroll of enchant armour {unknown}
 v - a scroll of identify
 w - a scroll of fog
Potions
 a - a potion of ambrosia
 b - a potion of brilliance
 f - a potion of magic
 i - a potion of flight
 j - 2 potions of lignification
 k - 6 potions of curing
 l - 2 potions of haste {unknown}
 n - 2 potions of invisibility {unknown}
 q - a potion of berserk rage {unknown}
 s - a potion of heal wounds {unknown}
 t - a potion of attraction {unknown}


   Skills:
 + Level 6.5 Fighting
 + Level 8.6 Dodging
 + Level 8.8 Stealth
 + Level 6.5 Unarmed Combat


You had 7 spell levels left.
You didn't know any spells.
Your spell library contained the following spells:

 Spells                   Type           Power      Damage    Failure   Level
 Tukima's Dance           Hex            0%         N/A       69%         3
 Blade Hands              Tmut           0%         N/A       100%        5
 Portal Projectile        Hex/Tloc       Unusable   N/A       N/A         3

Dungeon Overview and Level Annotations

Branches:
Dungeon (6/15)             Temple (1/1) D:6

Altars:
Ashenzari
Elyvilon
Fedhas
Hepliaklqana
Kikubaaqudgha
Okawaru
Qazlal
Ru
Sif Muna
Trog
Uskayaw
Wu Jian
Yredelemnul
The Shining One


Innate Abilities, Weirdness & Mutations

You have sharp claws.
You have razor-sharp teeth.
You have supernaturally acute eyesight. (SInv)
You cover ground quickly. (Speed+)
You are covered in thick fur. (AC +2)
Your paws help you pounce on unaware monsters.
You are incapable of wielding weapons or throwing items.
You cannot wear armour.
You gain extra lives every three experience levels.


Message History

There is a stone staircase leading down, spattered with blood here.
There are monsters nearby!
There are monsters nearby!
The iguana misses you.
You completely miss the iguana. The iguana completely misses you.
You scratch the iguana but do no damage.
You scratch the iguana but do no damage.
The iguana completely misses you.
You scratch the orc priest.
The orc priest is lightly wounded.
The iguana misses you.
The orc priest hits you with a +0 hand axe.
You claw the orc priest!
The orc priest is severely wounded.
The iguana completely misses you. The orc priest barely misses you.
You barely miss the orc priest.
The orc priest is severely wounded.
The iguana barely misses you. The orc priest closely misses you.
You scratch the orc priest.
The orc priest is almost dead.
The iguana barely misses you.
The orc priest hits you but does no damage.
You scratch the orc priest but do no damage.
The orc priest is severely wounded.
The iguana barely misses you.
The orc priest casts a cantrip, but nothing happens.
You scratch the orc priest.
You kill the orc priest!
The orc priest mumbles some strange prayers to Beogh against you.
Beogh smites you! The iguana misses you.
The orc priest invokes the aid of Beogh against you.
Beogh smites you!
You are too injured to fight recklessly!
The orc priest calls down the wrath of Beogh upon you.
Beogh smites you!
* * * LOW HITPOINT WARNING * * *
There is a stone staircase leading down, spattered with blood here.
The orc priest mumbles some strange prayers to Beogh against you.
Beogh smites you!
You die...

###.# ##.#.. .)..# ....
######## #... # ....###..#
###.##.# ...+
....##.#+##.##### ####
..####..........#####....
..####.....#..o.......#
l....ยง.......ol.@....##..#
##....)...####....).....#
..........# #...########
..........# #...#
........### #...# ........#
##### ....##### ..... ##...


You could see an iguana and 2 orc priests.

Vanquished Creatures
  Pikel (D:6)
  Sigmund (D:3)
  Duvessa (D:6)
  2 ogres
  A centaur (D:5)
  A phantom (D:6)
  A kobold brigand (D:6)
  A necrophage (D:6)
  A scorpion (D:5)
  Dowan (D:6)
  A howler monkey (D:6)
  A jelly (D:6)
  2 hounds (D:6)
  2 orc priests
  4 iguanas
  Ijyb (D:4)
  2 orc wizards
  Robin (D:3)
  A gnoll (D:1)
  12 adders
  3 worms
  2 dart slugs
  13 orcs
  7 ball pythons
  3 endoplasms
  2 giant cockroaches
  14 goblins
  10 hobgoblins
  2 jackals
  2 quokkas (D:1)
  5 bats
  3 frilled lizards
  8 kobolds
  7 rats
119 creatures vanquished.

Vanquished Creatures (collateral kills)
  A centaur (D:5)
  A jackal (D:5)
2 creatures vanquished.

Grand Total: 121 creatures vanquished

Notes
Turn   | Place    | Note
-------+----------+-------------------------------------------
     0 | D:1      | Malachi the Felid Monk began the quest for the Orb.
     0 | D:1      | Reached XP level 1. HP: 10/10 MP: 2/2
    65 | D:1      | Reached XP level 2. HP: 14/14 MP: 3/3
   349 | D:1      | Reached XP level 3. HP: 8/17 MP: 4/4
  1160 | D:2      | Found a faded altar of an unknown god.
  1312 | D:2      | Reached XP level 4. HP: 21/21 MP: 5/5
  1342 | D:2      | Found a stormy altar of Qazlal.
  1753 | D:3      | Found a blossoming altar of Fedhas.
  1778 | D:3      | Found a sacrificial altar of Ru.
  1798 | D:3      | Identified a scroll of acquirement
  1798 | D:3      | Acquired an amulet of regeneration
  1810 | D:3      | Noticed Robin
  1866 | D:3      | Killed Robin
  1886 | D:3      | Reached skill level 5 in Dodging
  1946 | D:3      | Found a white marble altar of Elyvilon.
  1946 | D:3      | Found an ancient bone altar of Kikubaaqudgha.
  2136 | D:3      | Noticed Sigmund
  2150 | D:4      | Reached XP level 5. HP: 24/25 MP: 6/6
  2204 | D:3      | Killed Sigmund
  2205 | D:3      | Reached skill level 5 in Stealth
  2205 | D:3      | Gained mutation: You are covered in thick fur. (AC +2)
                  | [Felid growth]
  2205 | D:3      | Reached XP level 6. HP: 20/28 MP: 7/7
  2586 | D:4      | Noticed Ijyb
  2606 | D:4      | Killed Ijyb
  2684 | D:4      | You fall into a shaft and drop 2 floors!
  2704 | D:6      | Found a staircase to the Ecumenical Temple.
  2709 | D:5      | Entered Level 5 of the Dungeon
  2976 | D:5      | Reached XP level 7. HP: 33/33 MP: 8/8
  3013 | D:5      | Reached skill level 5 in Fighting
  3013 | D:5      | Reached skill level 5 in Unarmed Combat
  3345 | D:6      | Slain by a howler monkey
  3346 | D:6      | Reached XP level 6. HP: -2/30 MP: 7/7
  3446 | D:6      | Reached XP level 7. HP: 32/33 MP: 8/8
  3457 | D:6      | Slain by an iguana
  3458 | D:6      | Reached XP level 6. HP: 0/30 MP: 7/7
  3477 | D:6      | Noticed Pikel
  3500 | D:6      | Killed Pikel
  3501 | D:6      | Reached XP level 7. HP: 26/34 MP: 8/8
  3567 | D:6      | Noticed Dowan
  3570 | D:6      | Noticed Duvessa
  3592 | D:6      | Killed Duvessa
  3594 | D:6      | Killed Dowan
  3667 | D:6      | Reached XP level 8. HP: 38/38 MP: 9/9
  4172 | Temple   | Entered the Ecumenical Temple
  4320 | D:5      | Killed from afar by an orc priest

Illustrated notes

Levels and vault maps discovered:
D:1:      dpeg_arrival_rooms_with_view, layout_rooms, grunt_decor_resistance,
          grunt_decor_clamped
D:2:      minmay_razor_zed, layout_basic, ebering_ecumenical_altar_hall,
          basic_altar, feat_on_display
D:3:      layout_rooms, nicolae_ru_the_path_less_chosen, fedhas_altar_2,
          gammafunk_temple_overflow_statue, kennysheep_crisscross,
          minmay_misc_feat_tower, minmay_misc_feat_five, serial_park_tiny_1,
          uniq_robin, uniq_sigmund
D:4:      layout_loops_ring, serial_glass, glass_columns_b, glass_columns_c,
          item_on_display_a, minmay_strange_pillars, minmay_strange_pillars,
          item_on_display_a, uniq_ijyb, uniq_grinder
D:5:      layout_basic, mainiacjoe_overflow_surrounded_room,
          chequers_serial_rivers_micro_a, minmay_misc_feat_ornament,
          minmay_manual_monolith
D:6:      layout_basic, minmay_temple_entry_stoned_glass, uniq_pikel,
          uniq_duvessa
Temple:   nicolae_temple_two_arcs

Skill      XL: |  1  2  3  4  5  6  7 |
---------------+----------------------+-----
Stealth        | 3 4 5 7 8 |  8.8
Dodging        | 5 7 8 |  8.6
Fighting       | 4 6 |  6.5
Unarmed Combat | 4 6 |  6.5

Action                   |  1- 3 |  4- 6 |  7- 9 || total
-------------------------+-------+-------+-------++-------
Melee: Unarmed           |    92 |   183 |   137 ||   412
       Bite              |     7 |    25 |    19 ||    51
       Punch             |     1 |     5 |     2 ||     8
Evoke: Wand              |       |     2 |     2 ||     4
  Use: Scroll            |     6 |    10 |     2 ||    18
       Potion            |       |     1 |     1 ||     2
 Stab: Sleeping          |     8 |    13 |     4 ||    25
       Paralysed         |       |     1 |     2 ||     3
       Distracted        |       |       |     1 ||     1
Armor: Skin              |     3 |     5 |     8 ||    16
Dodge: Dodged            |    63 |   148 |   130 ||   341

Table legend: (Time is in decaauts)
 A = Elapsed time spent in this place.
 B = Non-inter-level travel time spent in this place.
 C = Inter-level travel time spent in this place.
 D = Time resting spent in this place.
 E = Time spent auto-exploring this place.
 F = Levels seen in this place.
 G = Mean time per level.
                   A        B        C        D        E       F      G
               +--------+--------+--------+--------+--------+-----+--------+
         Total |   3700 |   3537 |    163 |    709 |   1785 |   7 |  528.6 |
       Dungeon |   3606 |   3449 |    157 |    709 |   1702 |   6 |  601.0 |
        Temple |     94 |     89 |      5 |      0 |     83 |   1 |   94.0 |
               +--------+--------+--------+--------+--------+-----+--------+

Top non-repeatable levels by time:
     D:6: 1157 daAuts
     D:1: 761 daAuts
     D:2: 702 daAuts
     D:3: 614 daAuts
     D:4: 206 daAuts
     D:5: 164 daAuts
  Temple: 94 daAuts
